 Dungeon Crawl Stone Soup version 0.24-a0-769-g368c1644f8 (webtiles) character file.

Game seed: 5530748197191871948, levelgen mode: deterministic

70 HumanIsDead the Chopper (level 4, -3/33 HPs)
             Began as a Human Gladiator on Oct 6, 2019.
             Slain by an iguana (6 damage)
             ... on level 4 of the Dungeon.
             The game lasted 00:01:42 (1067 turns).

HumanIsDead the Chopper (Human Gladiator)           Turns: 1067, Time: 00:01:43

Health: -3/33      AC: 11    Str: 14 (15) XL:     4   Next: 44%
Magic:  4/4        EV:  4    Int:  7 (8)  God:
Gold:   96         SH:  0    Dex: 12 (15) Spells: 3/3 levels left

rFire    . . .     SeeInvis .   a - +0 war axe
rCold    . . .     Gourm    .   (no shield)
rNeg     . . .     Faith    .   j - +0 plate armour
rPois    .         Spirit   .   c - +0 helmet
rElec    .         Reflect  .   (no cloak)
rCorr    .         Harm     .   (no gloves)
MR       .....                  (no boots)
Stlth    ..........             (no amulet)
HPRegen  0.11/turn              (no ring)
MPRegen  0.09/turn              (no ring)

@: lethally poisoned (-3 -> -8)
A: no striking features
a: no special abilities


You were on level 4 of the Dungeon.
You were hungry.

You visited 1 branch of the dungeon, and saw 3 of its levels.

You collected 96 gold pieces.

Inventory:

Hand Weapons
 a - a +0 war axe (weapon)
Missiles
 d - 3 throwing nets (quivered)
Armour
 b - a +0 leather armour
 c - a +0 helmet (worn)
 j - a +0 plate armour (worn)
Scrolls
 e - a scroll of magic mapping {unknown}
 g - 3 scrolls of identify {unknown}
 h - a scroll of random uselessness {unknown}
Potions
 k - a potion of lignification {unknown}
Comestibles
 f - 3 rations


   Skills:
 - Level 2.0 Fighting
 + Level 4.9 Axes
 - Level 2.0 Throwing
 - Level 3.0 Dodging


You had 3 spell levels left.
You didn't know any spells.
Your spell library was empty.

Dungeon Overview and Level Annotations

Branches:
Dungeon (2/15)

Altars:

Annotations:
D:4 Eustachio


Message History

The worker ant is severely wounded.
You feel sick.
The worker ant bites you but does no damage. x2
Your plate armour prevents you from hitting the worker ant.
The worker ant is severely wounded.
You feel sick.
The worker ant bites you but does no damage.
You slash the worker ant!
You kill the worker ant!
You have reached level 4!
You feel agile.
Eustachio zaps a wand.
The puff of flame hits you.
* * * LOW HITPOINT WARNING * * *
Unknown command.
It was a potion of degeneration.
There was something very wrong with that liquid.
You feel weakened.
You feel dopey.
You feel clumsy.
* * * LOW HITPOINT WARNING * * *
You feel sick. The iguana bites you.
You die...

...# ..# ...
... #.# .#
#.# .# # #.#
.# .# #@#
.##.##
#.#####l#
....>
......@b##..#
............#
.########..##
#@.# ####..#
#.....#
#.##.##


You could see Eustachio, an iguana and a bat.

Vanquished Creatures
  A worker ant (D:4)
  A gnoll (D:1)
  2 leopard geckos (D:1)
  A ball python (D:1)
  3 bats
  3 giant cockroaches (D:1)
  6 goblins (D:1)
  5 hobgoblins (D:1)
  4 jackals (D:1)
  2 kobolds (D:1)
  3 rats (D:1)
31 creatures vanquished.

Notes
Turn   | Place    | Note
-------+----------+-------------------------------------------
     0 | D:1      | HumanIsDead the Human Gladiator began the quest for the
                  | Orb.
     0 | D:1      | Reached XP level 1. HP: 16/16 MP: 1/1
    23 | D:1      | Reached XP level 2. HP: 18/22 MP: 2/2
   205 | D:1      | Reached skill level 4 in Axes
   205 | D:1      | Reached XP level 3. HP: 26/27 MP: 3/3
  1043 | D:2      | You fall into a shaft and drop 2 floors!
  1043 | D:4      | Noticed Eustachio
  1066 | D:4      | Reached XP level 4. HP: 9/33 MP: 4/4
  1067 | D:4      | Slain by an iguana

Levels and vault maps discovered:
D:1:      erik_arrival_triangle_large, layout_basic, minmay_distorted
D:2:      layout_basic, good_gods_temple_1, serial_glass, glass_columns_a,
          glass_columns_b, glass_columns_a, glass_columns_c, glass_columns_a,
          glass_columns_a, glass_columns_c, glass_columns_a, glass_columns_c,
          glass_columns_c, glass_columns_c, glass_columns_a, glass_columns_a,
          glass_columns_c
D:4:      layout_loops_ring, serial_shops, shop_statue, uniq_eustachio

Skill      XL: |  1  2 |
---------------+-------+-----
Axes           | 4 |  4.9
Fighting       | |  2.0
Throwing       | |  2.0
Dodging        | |  3.0

Action                   |  1- 3 |  4- 6 || total
-------------------------+-------+-------++-------
Melee: War axe           |   101 |       ||   101
  Use: Potion            |       |     1 ||     1
Armor: Leather armour    |    13 |       ||    13
       Plate armour      |    35 |       ||    35
Dodge: Dodged            |    65 |       ||    65

Table legend:
 A = Non-vault XP
 B = Vault XP
 C = Vault XP percentage of total XP
 D = Non-vault monster count
 E = Vault monster count
 F = Vault count percentage of total count
                 A         B        C        D         E       F
            +---------+---------+-------+---------+---------+-------
      Total |      98 |       2 |   2.0 |      30 |       1 |   3.2
            +---------+---------+-------+---------+---------+-------
        D:1 |      64 |       2 |   3.0 |      28 |       1 |   3.4
        D:2 |       1 |       0 |   0.0 |       1 |       0 |   0.0
        D:4 |      33 |       0 |   0.0 |       1 |       0 |   0.0
            +---------+---------+-------+---------+---------+-------
